Map: Oxide LE

Players

Kirk

  • Race: Terran Terran
  • Spawn Location: 7:00

RADICAL - Winner!

  • Race: Zerg Zerg
  • League: Platinum
  • Spawn Location: 1:00

VOD

Have the link to the VOD?

Description

Time

  • Played on: Nov. 11, 2020, 9:53 a.m.
  • Length: 15:23
Show
View Real Time Build Order
Export as new Build Order

Kirk Terran 

Build Orders:  

Get SALT Encoding   

  12  0:02  SCV  
  13  0:18  SCV  
  13  0:20  Supply Depot  
  14  0:32  SCV  
  15  0:44  SCV  
  15  0:48  Barracks  
  16  0:55  Supply Depot  
  16  0:58  SCV  
  17  1:12  SCV  
  18  1:20  Supply Depot  
  18  1:25  SCV  
  19  1:38  Barracks  
  19  2:00  Refinery  
  19  2:13  Marine  
  20  2:29  Barracks  
  20  2:30  Marine  
  20  2:31  Marine  
  22  2:48  Marine  
  22  2:49  Marine  
  24  3:06  Marine x2  
  26  3:19  Barracks Reactor  
  26  3:24  Marine x2  
  28  3:42  Marine  
  28  3:43  Barracks Reactor  
  29  3:56  Marine x2  
  29  4:00  Marine  
  32  4:08  Supply Depot  
  32  4:13  Marine  
  32  4:14  Marine  
  34  4:24  Barracks Reactor  
  34  4:25  Marine  
  34  4:26  Marine  
  34  4:30  Supply Depot  
  36  4:31  Marine  
  36  4:32  Marine  
  38  4:43  Marine  
  38  4:44  Marine  
  40  4:48  SCV  
  40  4:49  Marine x2  
  43  4:56  Refinery  
  43  5:00  SCV  
  43  5:01  Marine  
  43  5:02  Marine x2  
  43  5:03  Marine  
  48  5:07  Marine x2  
  50  5:19  Marine x2  
  50  5:20  Marine x2  
  54  5:25  Marine  
  55  5:29  Factory  
  55  5:31  Supply Depot  
  55  5:47  Orbital Command  
  55  5:53  Marine x6  
  61  6:00  Supply Depot  
  61  6:11  Marine x2  
  63  6:19  Marine x4  
  67  6:28  Marine x2, Factory Reactor  
  69  6:37  Marine x2  
  73  6:46  Marine  
  74  6:49  Reaper  
  74  6:50  Reaper  
  74  6:54  Marine x2  
  76  7:21  Reaper  
  76  7:22  Reaper  
  76  7:53  Reaper  
  76  7:54  Reaper  
  60  8:22  Supply Depot  
  60  8:24  Supply Depot  
  60  8:28  Supply Depot  
  60  8:42  Reaper x2  
  62  9:38  Command Center  
  62  9:41  Marine x6  
  68  9:58  Marine  
  68  9:59  Marine x5  
  74  10:00  Hellion  
  74  10:01  Hellion  
  78  10:16  Marine  
  78  10:17  Marine x5  
  84  10:22  Hellion x2  
  88  10:34  Marine  
  88  10:35  Marine x5  
  94  10:50  Hellion x2  
  94  10:55  SCV  
  99  11:08  SCV  
  99  11:11  Marine x6  
  106  11:20  SCV  
  107  11:29  Marine x5  
  107  11:32  SCV  
  113  11:44  SCV  
  114  11:56  SCV  
  111  12:17  Marine  
  111  12:18  Marine x5  
  117  12:24  SCV  
  117  12:35  Marine  
  118  12:40  Supply Depot  
  118  12:54  Marine  
  118  13:02  Hellion, Marine x5, SCV  
  126  13:07  Hellion  
  126  13:09  Supply Depot  
  126  13:12  Marine  
  128  13:14  SCV  
  128  13:19  Marine  
  130  13:24  Hellion  
  127  13:28  Hellion  
  125  13:45  Hellion  
  127  13:58  Hellion  
  129  14:04  Marine  
  129  14:05  Marine x5  
  135  14:32  Marine x2  
Show
View Real Time Build Order
Export as new Build Order

RADICAL Zerg - Winner!

Build Orders: Hatch First 

Get SALT Encoding   

  12  0:00  Drone  
  13  0:15  Overlord  
  13  0:17  Drone  
  14  0:35  Drone x2  
  16  0:50  Hatchery  
  16  0:53  Drone  
  16  0:57  Drone  
  17  1:01  Drone  
  18  1:14  Spawning Pool  
  17  1:18  Extractor  
  17  1:19  Drone  
  17  1:23  Drone  
  18  1:30  Drone  
  19  1:45  Drone  
  20  1:51  Overlord  
  20  2:02  Queen x2  
  20  2:03  Zergling x4  
  26  2:30  Drone  
  26  2:31  Drone x3  
  30  2:38  Spine Crawler  
  30  2:39  Drone x2  
  30  2:40  Metabolic Boost  
  31  3:02  Hatchery  
  30  3:13  Roach Warren  
  30  3:16  Drone x2  
  30  3:19  Overlord x2  
  31  3:25  Queen  
  33  3:54  Roach  
  33  3:55  Roach x7  
  49  3:58  Overlord  
  49  4:12  Overlord  
  49  4:13  Overlord  
  49  4:22  Roach x4  
  57  4:30  Roach x2  
  57  4:31  Zergling x2  
  62  4:32  Zergling x2  
  62  4:35  Zergling x2  
  64  4:40  Zergling x4  
  64  4:43  Zergling x2  
  67  4:51  Zergling x2  
  67  4:52  Zergling x6  
  71  4:59  Overlord  
  71  5:00  Overlord  
  71  5:04  Zergling x2  
  71  5:05  Zergling x2  
  73  5:08  Roach  
  75  5:20  Zergling x2  
  75  5:21  Zergling x8  
  76  5:45  Roach  
  76  5:46  Roach x6  
  90  5:53  Drone  
  90  5:54  Extractor  
  90  5:55  Drone x3  
  93  6:03  Baneling Nest  
  92  6:28  Extractor  
  92  6:30  Drone x3  
  94  6:33  Overlord x2  
  94  6:59  Baneling x4  
  94  7:00  Baneling x7  
  94  7:02  Baneling  
  94  7:14  Baneling x4  
  94  7:18  Baneling  
  94  7:20  Zergling x18  
  94  7:21  Zergling x14  
  77  8:04  Zergling x32  
  77  8:05  Zergling x2  
  56  8:06  Zergling x2  
  56  8:10  Drone  
  54  8:21  Zergling x8  
  58  8:27  Baneling x6  
  58  8:28  Baneling  
  58  8:29  Baneling  
  58  8:31  Baneling  
  58  8:32  Baneling  
  58  8:33  Baneling  
  58  8:34  Baneling  
  58  8:45  Burrow  
  58  8:59  Zergling x2  
  58  9:00  Zergling x12  
  65  9:12  Drone x5  
  70  9:23  Zergling x8  
  74  9:41  Baneling x4  
  74  9:42  Baneling x3  
  74  10:13  Lair  
  73  10:30  Baneling  
  73  10:31  Baneling x4  
  73  10:32  Baneling x3  
  73  10:40  Extractor  
  72  10:44  Drone  
  72  10:45  Drone  
  74  10:59  Drone  
  74  11:00  Drone x21  
  96  11:26  Centrifical Hooks  
  96  11:36  Hatchery  
  96  11:38  Hydralisk Den  
  94  11:42  Drone x2  
  94  11:45  Evolution Chamber  
  94  11:46  Evolution Chamber  
  94  11:47  Extractor  
  94  11:49  Extractor  
  94  11:54  Drone x3  
  95  12:31  Grooved Spines, Hydralisk x9  
  95  12:34  Overlord x4  
  95  12:35  Overlord  
  113  12:47  Queen  
  115  13:08  Hydralisk  
  115  13:09  Hydralisk x17  
  151  13:31  Infestation Pit  
  150  13:42  Muscular Augments  
  150  13:50  Hatchery  
  149  14:09  Hatchery  
  148  14:29  Overlord x5  
  148  14:36  Hydralisk x5  
  158  14:43  Extractor  
  158  14:44  Extractor  
  156  14:46  Baneling x27  
  156  14:51  Drone x12  
  156  14:52  Drone x6  
Tags
 
League
Platinum
Matchup
TvZ
Spawn Locations
Cross Positions
Add a new tag
Caveats
  • Supply blocks, unpowered buildings, or Contaminate may cause inaccurate times.
  • Supply counts are checked every 10 seconds.